 Dungeon Crawl Stone Soup version 0.28.0 (webtiles) character file.

Game seed: 12784146297392261880

41 enile the Digger (level 3, -2/31 HPs)
             Began as a Draconian Earth Elementalist on Feb 14, 2022.
             Was a Follower of Zin.
             Succumbed to a gnoll's poison
             ... on level 3 of the Dungeon.
             The game lasted 00:02:52 (1729 turns).

enile the Digger (Draconian Earth Elementalist)     Turns: 1729, Time: 00:02:52

Health: -2/31      AC:  5    Str: 10    XL:     3   Next: 32%
Magic:  6/6        EV: 12    Int: 17    God:    Zin [*.....]
Gold:   63         SH:  0    Dex: 11    Spells: 2/6 levels left

rFire   . . .      SeeInvis .   (no weapon)
rCold   + . .      Faith    .   (no shield)
rNeg    . . .      Spirit   .   (armour unavailable)
rPois   .          Reflect  .   (helmet restricted)
rElec   .          Harm     .   (no cloak)
rCorr   .          Rampage  .   (no gloves)
Will    .....                   (no boots)
Stlth   ++........              (no amulet)
HPRegen 0.10/turn               f - ring of protection from cold
MPRegen 0.10/turn               (no ring)

@: lethally poisoned (-2 -> -19), flying
A: AC +5, unfitting armour, cold-blooded
a: Renounce Religion, Recite, Donate Gold


You were on level 3 of the Dungeon.
You worshipped Zin.
Zin was aware of your devotion.
You visited 1 branch of the dungeon, and saw 3 of its levels.

You collected 69 gold pieces.
You donated 6 gold pieces to Zin.

Inventory:

Missiles
 b - 5 poisoned darts
 h - 2 stones
Armour
 e - the +0 leather armour of Complete Protection {+Blink Int+2 Dex+4 Slay-3}
   (You found it on level 2 of the Dungeon)

   Int:       It affects your intelligence (+2).
   Dex:       It affects your dexterity (+4).
   Slay:      It affects your accuracy & damage with ranged weapons and melee
   (-3).
   +Blink:    It lets you blink.
Jewellery
 f - a ring of protection from cold (left hand)
Scrolls
 a - a scroll of identify
Potions
 c - a potion of degeneration {unknown}


   Skills:
 - Level 3.0 Fighting
 - Level 1.7 Dodging
 - Level 1.7 Stealth
 + Level 2.3 Spellcasting
 - Level 1.0 Transmutations
 - Level 3.0 Earth Magic


You had 2 spell levels left.
You knew the following spells:

 Your Spells              Type           Power      Damage    Failure   Level
a - Sandblast             Erth           24%        2d8       5%          1
b - Stone Arrow           Conj/Erth      14%        3d7       30%         3

Your spell library contained the following spells:

 Spells                   Type           Power      Damage    Failure   Level
 Passwall                 Tmut/Erth      6%         N/A       12%         2
 Ignite Poison            Fire/Tmut/Pois 3%         N/A       43%         3
 Mephitic Cloud           Conj/Pois/Air  2%         N/A       50%         3
 Petrify                  Tmut/Erth      8%         N/A       63%         4
 Freezing Cloud           Conj/Ice/Air   1%         6-21      99%         5


Dungeon Overview and Level Annotations

Branches:
Dungeon (3/15)

Altars:
Zin

Annotations:
D:2 Natasha


Innate Abilities, Weirdness & Mutations

Your plain brown scales are hard. (AC +5)
You cannot fit into any form of body armour.
You are cold-blooded and may be slowed by cold attacks.


Message History

The bat closely misses you. The gnoll barely misses you.
You closely miss the bat. The bat closely misses you.
The gnoll hits you with a +0 whip. The quokka barely misses you.
The gnoll hits you with a +0 whip.
As you read the scroll labelled FOITZE REMOFAKERPHE, it crumbles to dust.
It is a scroll of identify.
d - a scroll of summoning An orc comes into view.
It is wielding a +0 mace.
The gnoll hits you with a +0 whip. The quokka bites you.
The gnoll hits you but does no damage.
The orc moves out of view.
As you read the scroll of summoning, it crumbles to dust.
Wisps of shadow whirl around you... The bat closely misses you.
The quokka bites you but does no damage.
The gnoll hits you with a +0 whip. The gnoll misses you.
You swap places.
The bat misses your ball python. The quokka barely misses your goblin.
The gnoll hits your goblin with a +0 whip!
Your goblin dies!
Your goblin's corpse dissolves into shadows!
Your ball python bites the gnoll but does no damage.
Your ball python grabs the gnoll.
Your ball python constricts the gnoll.
The gnoll hits you with a +2 halberd of venom.
* * * LOW HITPOINT WARNING * * *
You are lethally poisoned!
The bat closely misses your ball python.
Your goblin hits the gnoll with a +0 dagger.
You swap places.
* * * LOW HITPOINT WARNING * * *
You feel very sick.
The bat closely misses your ball python.
The gnoll closely misses your goblin.
Your ball python bites the gnoll.
Your ball python constricts the gnoll.
The gnoll hits you with a +2 halberd of venom.
* * * LOW HITPOINT WARNING * * *
You are more poisoned.
Your goblin hits the gnoll but does no damage.
It was a potion of flight.
You feel very buoyant.
You fly up into the air.
You die...

#........# #.#
<........# #.#
.........# #.#
.?......o# #.#
..## #oo###.#####
.....##ogg.......#
......rbg###.###.#
.....##Sg##..#
..## #g@##.##
#..##.# ....##.#
## ####.##g# .
#.##.# #. #.##g#
.g.##.####....#
...g.g..##..###
#.#.##g.##


You could see 4 gnolls, 4 orcs, a quokka, a bat, a friendly goblin (summoned)
and a friendly ball python (summoned).

Vanquished Creatures
  2 dart slugs (D:1)
  An orc (D:3)
  2 ball pythons (D:1)
  2 endoplasms (D:1)
  5 giant cockroaches (D:1)
  A goblin (D:2)
  4 hobgoblins (D:1)
  2 kobolds (D:1)
  A quokka (D:1)
  5 bats
  5 frilled lizards
  4 rats
34 creatures vanquished.

Notes
Turn   | Place    | Note
-------+----------+-------------------------------------------
     0 | D:1      | enile the Draconian Earth Elementalist began the quest for
                  | the Orb.
     0 | D:1      | Reached XP level 1. HP: 14/14 MP: 3/3
    87 | D:1      | Reached skill level 1 in Fighting
   192 | D:1      | Reached XP level 2. HP: 24/24 MP: 3/5
   854 | D:1      | Reached XP level 3. HP: 31/31 MP: 3/6
   859 | D:1      | Learned a level 3 spell: Stone Arrow
  1068 | D:2      | Identified the +0 leather armour of Complete Protection
                  | {+Blink Int+2 Dex+4 Slay-3}
  1225 | D:2      | Found a faded altar of an unknown god.
  1365 | D:2      | Prayed at the altar of an unknown god.
  1365 | D:2      | Became a worshipper of Zin the Law-Giver
  1365 | D:2      | Reached * piety under Zin
  1412 | D:2      | Noticed Natasha
  1729 | D:3      | Succumbed to a gnoll's poison

Illustrated notes

Levels and vault maps discovered:
D:1:      dpeg_arrival_tiny_g, layout_loops_ring, minmay_misc_feat_four_crosses
D:2:      layout_basic, shapermc_ecumenical_altar_acropolis, basic_altar,
          chequers_arboretum, uniq_natasha
D:3:      layout_loops_ring, chequers_temple_overflow_statue_of_worship

Skill      XL: |  1  2 |
---------------+-------+-----
Fighting       | 1 3 |  3.0
Dodging        | |  1.7
Stealth        | |  1.7
Spellcasting   | |  2.3
Transmutations | |  1.0
Earth Magic    | |  3.0

Action                   || total
-------------------------++-------
Melee: Unarmed           ||   104
       Tailslap          ||    10
       Punch             ||     1
 Cast: Sandblast         ||    31
       Stone Arrow       ||     1
  Use: Scroll            ||     3
       Potion            ||     1
 Stab: Sleeping          ||     1
Armor: Skin              ||    35
Dodge: Dodged            ||   113
